 Dungeon Crawl Stone Soup version 0.28-a0-631-g0446da8ef9 (webtiles) character file.

Game seed: 760361155584563341

16 KristoblXynda the Slasher (level 2, 0/25 HPs)
             Began as a Draconian Gladiator on Oct 10, 2021.
             Slain by a kobold (1 damage)
             ... on level 1 of the Dungeon.
             The game lasted 00:00:21 (214 turns).

KristoblXynda the Slasher (Draconian Gladiator)      Turns: 214, Time: 00:00:21

Health: 0/25       AC:  4    Str: 16    XL:     2   Next: 41%
Magic:  2/2        EV: 12    Int:  8    God:
Gold:   0          SH:  0    Dex: 12    Spells: 1/1 levels left

rFire   . . .      SeeInvis .   a - +0 long sword
rCold   . . .      Faith    .   (no shield)
rNeg    . . .      Spirit   .   (armour unavailable)
rPois   .          Reflect  .   b - +0 hat
rElec   .          Harm     .   (no cloak)
rCorr   .          Rampage  .   (no gloves)
Will    .....                   (no boots)
Stlth   +.........              (no amulet)
HPRegen 0.08/turn               (no ring)
MPRegen 0.08/turn               (no ring)

@: no status effects
A: AC +4, unfitting armour, cold-blooded
a: no special abilities


You were on level 1 of the Dungeon.
You visited 1 branch of the dungeon, and saw 1 of its levels.

Inventory:

Hand Weapons
 a - a +0 long sword (weapon)
Missiles
 c - 3 throwing nets (quivered)
Armour
 b - a +0 hat (worn)
Scrolls
 d - a scroll of immolation {unknown}
 e - a scroll of acquirement {unknown}
 f - a scroll of blinking {unknown}
 g - 3 scrolls of noise {unknown}
Potions
 h - 2 potions of curing {unknown}


   Skills:
 + Level 2.5 Fighting
 * Level 3.3 Long Blades
 - Level 2.0 Throwing
 + Level 2.9 Dodging


You had one spell level left.
You didn't know any spells.
Your spell library was empty.

Dungeon Overview and Level Annotations

Branches:
Dungeon (1/15)

Altars:


Innate Abilities, Weirdness & Mutations

Your plain brown scales are hard. (AC +4)
You cannot fit into any form of body armour.
You are cold-blooded and may be slowed by cold attacks.


Message History

The hobgoblin is moderately wounded.
The kobold barely misses you. The hobgoblin hits you.
You closely miss the hobgoblin.
You tail-slap the hobgoblin, but do no damage.
The hobgoblin is moderately wounded.
The kobold hits you but does no damage. The hobgoblin barely misses you.
The kobold hits you with a +0 whip.
You slash the hobgoblin!
You kill the hobgoblin!
The kobold hits you but does no damage.
Unknown command.
The kobold throws a stone.
The stone completely misses you.
You closely miss the kobold. The kobold closely misses you.
You closely miss the kobold. The kobold barely misses you.
You slash the kobold!
You kill the kobold!
The kobold throws a stone.
The stone hits you but does no damage. The endoplasm freezes you.
You are frozen.
You feel yourself slow down. The kobold hits you but does no damage.
Things that are here:
a +0 whip; a kobold corpse You completely miss the kobold.
The endoplasm hits you but does no damage.
The kobold hits you with a +0 whip.
* * * LOW HITPOINT WARNING * * *
The endoplasm hits you.
* * * LOW HITPOINT WARNING * * *
The kobold closely misses you.
The endoplasm hits you but does no damage.
The endoplasm freezes you.
You are frozen.
* * * LOW HITPOINT WARNING * * *
You slash the endoplasm!
You kill the endoplasm!
You feel yourself speed up.
The kobold throws a stone.
The stone hits you but does no damage.
You hit the kobold but do no damage. The kobold misses you.
You barely miss the kobold. The kobold hits you with a +0 whip.
You die...

......?.# .........
........# ......# . #.).#
.# #. #)# #.# #.########
#.# #.# #......... #K###.#
#.........
#####@.##.###.........
#.......)...#.........
#...........##........
#.....................
#...........##........
#####.......#.####........
#.............# #........
#..........#..####........
#..........#.....###.#.##.


You could see a kobold.

Vanquished Creatures
  A dart slug (D:1)
  A bat (D:1)
  2 endoplasms (D:1)
  3 goblins (D:1)
  2 hobgoblins (D:1)
  A frilled lizard (D:1)
  2 kobolds (D:1)
12 creatures vanquished.

Notes
Turn   | Place    | Note
-------+----------+-------------------------------------------
     0 | D:1      | KristoblXynda the Draconian Gladiator began the quest for
                  | the Orb.
     0 | D:1      | Reached XP level 1. HP: 17/17 MP: 1/1
   107 | D:1      | Reached XP level 2. HP: 25/25 MP: 2/2
   211 | D:1      | HP: 1/25 [frozen (3)]
   214 | D:1      | Slain by a kobold

Illustrated notes

Levels and vault maps discovered:
D:1:      dpeg_arrival_lava_altar, layout_basic, chequers_serial_rivers_small_3,
          serial_bayou_pond_a

Skill      XL: |  1 |
---------------+----+-----
Throwing       | 2 |  2.0
Fighting       | |  2.5
Long Blades    | |  3.3
Dodging        | |  2.9

Action                   || total
-------------------------++-------
Melee: Long sword        ||    28
       Tailslap          ||     3
Armor: Skin              ||    11
Dodge: Dodged            ||    25

Table legend: (Time is in decaauts)
 A = Elapsed time spent in this place.
 B = Non-inter-level travel time spent in this place.
 C = Inter-level travel time spent in this place.
 D = Time resting spent in this place.
 E = Time spent auto-exploring this place.
 F = Levels seen in this place.
 G = Mean time per level.
                   A        B        C        D        E       F      G
               +--------+--------+--------+--------+--------+-----+--------+
         Total |    223 |    223 |      0 |      0 |    155 |   1 |  223.0 |
       Dungeon |    223 |    223 |      0 |      0 |    155 |   1 |  223.0 |
               +--------+--------+--------+--------+--------+-----+--------+

Top non-repeatable levels by time:
     D:1: 223 daAuts
